 Dungeon Crawl Stone Soup version 0.19.1-1-g22dce08 (webtiles) character file.

1021409 Nydiazath the Hoplite (level 27, -14/172 HPs)
             Began as a Gargoyle Fighter on Dec 27, 2016.
             Was the Champion of Okawaru.
             Killed from afar by a Brimstone Fiend (36 damage)
             ... with damnation
             ... in Pandemonium on Dec 29, 2016.
             The game lasted 07:22:18 (96602 turns).

Nydiazath the Hoplite (Gargoyle Fighter)           Turns: 96602, Time: 07:22:23

Health: -14/172    AC: 58    Str: 28      XL:     27
Magic:  0/40       EV: 24    Int: 12 (15) God:    Okawaru [******]
Gold:   9197       SH: 39    Dex: 24      Spells: 10 memorised, 18 levels left

rFire  + + +     SeeInvis .     Y - +3 eveningstar of Rehac {freeze, rF+++}
rCold  + + .     Gourm    .     b - +3 plate armour "Gireah" {*Contam +Inv MR+ Slay+6}
rNeg   + + +     Faith    .     K - +7 large shield of Summertime {*Drain rElec rPois MR+++}
rPois  ∞         Spirit   +     T - +0 helmet {Int+3}
rElec  +         Reflect  .     R - +2 cloak of Wyrghetol {rC+ rN+ Dex+4 Stlth+}
rCorr  .         Harm     .     U - +2 pair of gloves of Fun and Games {rN+ Str+2}
MR     +++++                    j - +1 pair of boots {run}
Stlth  ..........               v - amulet of the Blind Eye {Spirit rC+}
                                y - ring "Hunaem" {rN+ Int+6 Dex+2}
                                M - ring of Descent {*Drain *Slow rElec Str+2 Slay+6}

@: mighty, about to teleport, shrouded, flying, deflect missiles, quick
A: big wings, hooves 1, icy blue scales 1, large bone plates 1, blurry vision 2,
dopey 2, fire resistance 1, frail 1, negative energy resistance 1, screaming 2,
electricity resistance, weak 2, unbreathing, petrification resistance, rot
immunity, AC +20
a: Stop Flying, Heroism, Finesse, Renounce Religion, Evoke Invisibility
}: 7/15 runes: decaying, slimy, silver, iron, abyssal, demonic, gossamer


You were in Pandemonium.
You worshipped Okawaru.
Okawaru was exalted by your worship.
You were not hungry.

You visited 14 branches of the dungeon, and saw 66 of its levels.
You visited Pandemonium 1 time, and saw 7 of its levels.
You visited the Abyss 2 times.
You visited 1 bazaar.
You also visited: Wizlab.

You collected 12685 gold pieces.
You spent 3488 gold pieces at shops.

Inventory:

Hand Weapons
 w - the +11 flail "Emunkol" {crush, Str+2 Int+5 Stlth+}
   (You found it on level 7 of the Iron City of Dis)

   It inflicts extra damage upon your enemies.
   It affects your strength (+2).
   It affects your intelligence (+5).
   It makes you more stealthy.
 Y - the +3 eveningstar of Rehac (weapon) {freeze, rF+++}
   (You found it on level 6 of the Lair of Beasts)

   It has been specially enchanted to freeze those struck by it, causing extra
   injury to most foes and up to half again as much damage against particularly
   susceptible opponents.
   It can also slow down cold-blooded creatures.
   It renders you almost immune to fire.
 Z - a +1 flail of protection
Armour
 a - the +2 pair of boots of Agoraphobia {+Fly Str+4 Int+4}
   (Okawaru gifted it to you in Pandemonium)

   It affects your strength (+4).
   It affects your intelligence (+4).
   It lets you fly.
 b - the +3 plate armour "Gireah" (worn) {*Contam +Inv MR+ Slay+6}
   (Okawaru gifted it to you on level 2 of the Depths)

   It affects your accuracy and damage with ranged weapons and melee attacks
   (+6).
   It affects your resistance to hostile enchantments.
   It lets you turn invisible.
   It causes magical contamination when unequipped.
 j - a +1 pair of boots of running (worn)
 K - the +7 large shield of Summertime (worn) {*Drain rElec rPois MR+++}
   (Okawaru gifted it to you on level 4 of the Lair of Beasts)

   It insulates you from electricity.
   It protects you from poison.
   It affects your resistance to hostile enchantments.
   It causes draining when unequipped.
 R - the +2 cloak of Wyrghetol (worn) {rC+ rN+ Dex+4 Stlth+}
   (You found it in a wizard's laboratory)

   It affects your dexterity (+4).
   It protects you from cold.
   It protects you from negative energy.
   It makes you more stealthy.
 T - a +0 helmet of intelligence (worn)
 U - the +2 pair of gloves of Fun and Games (worn) {rN+ Str+2}
   (You found it on level 2 of the Lair of Beasts)

   It affects your strength (+2).
   It protects you from negative energy.
Jewellery
 r - the amulet "Saubb" {+Rage rElec rPois rF- rC+++}
   (You bought it in a shop on level 2 of the Orcish Mines)

   [amulet of rage]

   It makes you vulnerable to fire.
   It renders you almost immune to cold.
   It insulates you from electricity.
   It protects you from poison.
   It lets you go berserk.
 s - the ring "Wautios" {+Inv MR+ Str+3}
   (You bought it in a shop on level 4 of the Vaults)

   [ring of protection from magic]

   It affects your strength (+3).
   It affects your resistance to hostile enchantments.
   It lets you turn invisible.
 v - the amulet of the Blind Eye (around neck) {Spirit rC+}
   (You found it on level 7 of the Iron City of Dis)

   [amulet of guardian spirit]

   It causes incoming damage to be split between your health and magic.
   It protects you from cold.
 y - the ring "Hunaem" (right hand) {rN+ Int+6 Dex+2}
   (You found it on level 3 of the Crypt)

   [ring of positive energy]

   It affects your intelligence (+6).
   It affects your dexterity (+2).
   It protects you from negative energy.
 I - a +5 ring of dexterity
 M - the ring of Descent (left hand) {*Drain *Slow rElec Str+2 Slay+6}
   (You took it off a spriggan berserker on level 3 of the Depths)

   [ring of strength]

   It affects your strength (+2).
   It affects your accuracy and damage with ranged weapons and melee attacks
   (+6).
   It insulates you from electricity.
   It causes draining when unequipped.
   It may slow you when you take damage.
 Q - the ring "Hasidik" {rElec rN+++ Dex+2 Stlth+, unknown}
   (You took it off a red devil in Pandemonium)

   [ring of stealth]

   It affects your dexterity (+2).
   It insulates you from electricity.
   It renders you almost immune to negative energy.
   It makes you more stealthy.
Wands
 t - a wand of paralysis (15/24)
 z - a wand of teleportation (5/9)
 J - a wand of heal wounds (0/9)
 N - a wand of slowing (12/48)
 O - a wand of enslavement (7/24)
 W - a wand of digging (7/24)
 X - a wand of heal wounds (0/9)
Scrolls
 c - 5 scrolls of identify
 e - 11 scrolls of recharging
 g - 9 scrolls of teleportation
 h - 3 scrolls of brand weapon
 i - 14 scrolls of enchant weapon
 l - 12 scrolls of amnesia
 m - 4 scrolls of magic mapping
 p - 13 scrolls of fog
 x - 10 scrolls of fear
 A - 26 scrolls of remove curse
 F - a scroll of silence
 H - 8 scrolls of enchant armour
 L - 2 scrolls of holy word
 S - 16 scrolls of blinking
Potions
 d - 7 potions of might
 k - 6 potions of ambrosia
 n - 6 potions of brilliance
 q - 3 potions of haste
 B - 2 potions of resistance
 C - 4 potions of invisibility
 D - 6 potions of cancellation
 E - 25 potions of curing
 G - 2 potions of magic
 P - 3 potions of cure mutation
 V - 8 potions of agility
Comestibles
 f - 34 bread rations
 o - 36 meat rations


   Skills:
 + Level 24.6 Fighting
 - Level 18.3 Maces & Flails
 - Level 22.0 Armour
 - Level 18.5 Dodging
 + Level 25.9 Shields
 - Level 13.2 Spellcasting
 - Level 9.5 Hexes
 - Level 18.0 Charms
 - Level 7.9 Necromancy
 - Level 14.4 Translocations
 - Level 16.5 Air Magic
 - Level 10.6 Invocations
 - Level 18.9 Evocations


You had 18 spell levels left.
You knew the following spells:

 Your Spells              Type           Power        Failure   Level  Hunger
a - Regeneration          Chrm/Necr      #####.....   1%          3    None
b - Spectral Weapon       Hex/Chrm       #####...     1%          3    None
c - Infusion              Chrm           ####         1%          1    None
d - Song of Slaying       Chrm           ######..     1%          2    None
e - Shroud of Golubria    Chrm/Tloc      #####.....   1%          2    None
f - Repel Missiles        Chrm/Air       #####.       1%          2    None
g - Controlled Blink      Tloc           N/A          100%        8    #######
h - Blink                 Tloc           N/A          1%          2    None
i - Silence               Hex/Air        #####.....   6%          5    #####..
j - Deflect Missiles      Chrm/Air       #####.....   4%          6    ######.


Dungeon Overview and Level Annotations

Branches:
Dungeon (15/15)            Temple (0/1) D:5            Lair (6/6) D:9
  Swamp (4/4) Lair:4       Spider (4/4) Lair:4        Slime (5/5) Lair:5
    Orc (2/2) D:10            Elf (3/3) Orc:2        Vaults (5/5) D:13
  Crypt (3/3) Vaults:2       Tomb (2/3) Crypt:3      Depths (5/5) D:15
   Hell (1/1)                 Dis (7/7) Hell            Geh (0/7) Hell
    Coc (0/7) Hell            Tar (0/7) Hell            Zot (4/5) Depths:5

Altars:
Cheibriados
Dithmenos
Elyvilon
Gozag
Kikubaaqudgha
Makhleb
Okawaru
Qazlal
Ru
Trog
Vehumet
Xom
Yredelemnul
Zin
The Shining One
Beogh
Jiyva
Lugonu

Shops:
D:13 [((   D:14 }   Orc:2 (=!(   Vaults:4 (=   Depths:1 :

Portals:
Hell: Depths:1 Depths:2 Depths:3 Depths:4 Depths:5
Abyss: Depths:3 Depths:4
Pandemonium: Depths:3
Ziggurat: Depths:3


Innate Abilities, Weirdness & Mutations

You are resistant to torment.
Your stone body is resilient. (AC +20)
You are immune to poison.
Your large and strong wings let you fly indefinitely.
You resist negative energy. (rN+)
You are resistant to electric shocks. (rElec)
You can survive without breathing.
You are immune to petrification.
You are immune to rotting.
You have large cloven feet.
You are partially covered in icy blue scales. (AC +2)
You are partially covered in large bone plates. (SH +4)
Scrolls take you longer to read.
You are very dopey. (Int -4)
Your flesh is heat resistant. (rF+)
You are frail. (-10% HP)
You sometimes yell uncontrollably at your foes.
You are very weak. (Str -4)


Message History

The Brimstone Fiend barely misses you.
The neqoxec gestures.
As you read the scroll of teleportation, it crumbles to dust.
You feel strangely unstable. The Brimstone Fiend gestures at you.
The sphere of damnation explodes!
The damnation engulfs you!
* * * LOW HITPOINT WARNING * * *
The damnation engulfs the Brimstone Fiend.
The Brimstone Fiend completely resists.
The Brimstone Fiend calls on the powers of darkness!
Your body is wracked with pain!
* * * LOW HITPOINT WARNING * * *
The neqoxec gestures.
You feel better.
The Brimstone Fiend calls on the powers of darkness!
Your body is wracked with pain!
* * * LOW HITPOINT WARNING * * *
The Brimstone Fiend gestures at you.
The sphere of damnation explodes!
The damnation engulfs you!
You die...

.....#}## #...#######.....#
....##.# #?2§# #.....### ....##.#
##5## ###........ .......## #5#
#.......... #...##..# #3#
#.#...∩.... ....#...#
#2######.#........ ......#.#
#1#......#........ .....##.###
#.1.######......∩. )....##...###
#@#...............
.....####...####...##############
.....# ###.......##
.....######.......#
.............###..#
.............# #..########
.............# #.........#
#.#..".......# #.........#
#.#..........# #.........#


You could see 2 Brimstone Fiends, a balrug, a blizzard demon, a neqoxec, a
quasit and a white imp.

Vanquished Creatures
  the Royal Jelly (Slime:5)
  A seraph (Pan)
  Dispater (Dis:7)
  2 orbs of fire
  Mennas (Crypt:1)
  Mara (Vaults:3)
  2 juggernauts
  6 ancient liches
  11 greater mummies
  the Lernaean hydra (Swamp:4)
  Bai Suzhen (Vaults:2)
  Saint Roka (Depths:4)
  Margery (Vaults:2)
  Geryon (Hell)
  A Killer Klown (Zot:2)
  3 caustic shrikes
  Nikola (Swamp:2)
  A curse toe (Zot:3)
  the Enchantress (Depths:2)
  8 golden dragons
  2 pearl dragons (Pan)
  3 bone dragons
  Arachne (Spider:4)
  6 pandemonium lords (Pan)
  2 Tzitzimimeh
  6 Brimstone Fiends
  4 electric golems
  14 iron giants
  A hellephant (Pan)
  16 tentacled monstrosities
  2 Ice Fiends
  23 Hell Sentinels
  Asterion (Depths:1)
  2 deep elf blademasters (Elf:3)
  9 liches
  21 acid blobs
  12 titans
  12 quicksilver dragons
  8 Executioners
  2 deep elf master archers (Elf:3)
  Frances (D:13)
  4 death cobs
  Murray (Hell)
  16 sphinxes
  5 eldritch tentacles
  18 ancient champions
  9 tentacled starspawn
  15 shadow dragons
  28 storm dragons
  4 warmongers (Pan)
  14 tengu reavers
  Agnes (Spider:4)
  Donald (Vaults:1)
  12 daevas
  Roxanne (Swamp:1)
  3 revenants
  5 draconian monks
  20 azure jellies
  11 fire giants
  A frost giant (shapeshifter) (Vaults:3)
  An orc warlord (Orc:2)
  8 ghost moths
  10 vault wardens
  5 deep elf sorcerers
  9 draconian scorchers
  16 iron dragons
  3 emperor scorpions
  4 frost giants
  4 draconian zealots
  11 balrugs
  13 cacodemons
  3 draconian knights
  11 deep elf elementalists
  25 angels (Pan)
  6 spriggan defenders
  22 ironheart preservers
  5 draconian shifters
  44 reapers
  4 curse skulls
  20 stone giants
  17 very ugly things
  26 war gargoyles
  7 draconian annihilators
  9 ghouls
  4 bennus
  An entropy weaver (shapeshifter) (Vaults:4)
  4 blood saints (Pan)
  7 entropy weavers
  6 caustic shrike skeletons (Depths:2)
  The ghost of buskinjo the Destroyer, a journeyman OpFE of Vehumet (D:11)
  11 white draconians
  12 deep elf demonologists
  13 ophanim (Pan)
  4 corrupters (Pan)
  19 black draconians
  24 apis (Pan)
  6 vampire knights
  12 green draconians
  The ghost of esteth the Severer, a journeyman MiFi of Makhleb (Lair:6)
  9 deep elf annihilators
  9 mottled draconians
  A dire elephant (Depths:2)
  5 lorocyprocas
  4 black suns (Pan)
  6 red draconians
  12 yellow draconians
  11 purple draconians
  9 green deaths
  13 deep elf death magi
  15 spark wasps
  13 death oozes
  7 eidola
  17 blizzard demons
  23 ettins
  16 jiangshi
  11 mummy priests
  Erolcha (D:13)
  2 quicksilver dragon zombies
  6 deep elf high priests
  Fannar (D:12)
  12 yaktaur captains
  9 fire dragons
  10 rakshasas
  18 ogre magi
  25 hydras
  Harold (D:12)
  13 great orbs of eyes
  31 vault guards
  8 ice dragons
  17 centaur warriors
  4 monstrous demonspawn (Pan)
  3 catoblepae
  11 spriggan air magi
  3 ghost crabs
  2 hell beasts
  4 death knights
  8 alligators
  A hell hog (shapeshifter) (Elf:1)
  28 dancing weapons
  17 death scarabs
  8 deep troll shamans
  7 tengu warriors
  11 death yaks
  5 titan zombies
  10 deep troll earth magi
  12 spriggan berserkers
  13 thrashing horrors
  5 orc high priests (Orc:2)
  24 hell hogs
  11 vampire magi
  5 shock serpents (Zot:4)
  28 hell knights
  3 storm dragon zombies
  The ghost of ZelenKor the Quickloader, a novice CeHu of Nemelex Xobeh (D:9)
  31 soul eaters
  11 iron golems
  Sonja (Lair:4)
  27 deep elf knights
  21 sun demons
  81 skeletal warriors
  2 titan skeletons
  4 wretched stars (Abyss:4)
  3 spatial maelstroms
  2 golden dragon zombies
  19 sixfirhies
  3 anaconda zombies
  2 death drakes (shapeshifter) (Depths:4)
  13 swamp dragons
  3 fire crabs (shapeshifter)
  14 iron trolls
  6 shadow wraiths
  46 deep trolls
  21 starcursed masses
  12 cherubim (Pan)
  6 glowing orange brains
  A storm dragon skeleton (Dis:2)
  2 unseen horrors
  6 shadow demons
  An unseen horror (shapeshifter) (Depths:4)
  A ghost moth zombie (Dis:4)
  5 wizards
  An obsidian statue (WizLab)
  6 gelid demonspawn (Pan)
  18 flayed ghosts
  9 spriggan druids
  7 torturous demonspawn (Pan)
  18 ironbrand convokers
  A harpy (shapeshifter) (D:13)
  15 deep elf archers
  7 infernal demonspawn (Pan)
  2 orange crystal statues
  21 phantasmal warriors
  3 shadow dragon zombies
  An anaconda skeleton (Dis:6)
  3 iron dragon zombies
  20 orb spiders
  6 hill giants
  9 necromancers
  16 orc knights
  3 wolf spider zombies
  3 shining eyes
  A shambling mangrove (Swamp:3)
  4 cyclopes
  3 fire giant zombies
  8 frost giant zombies
  13 orc sorcerers
  A manticore (shapeshifter) (Vaults:1)
  2 worldbinders (Abyss:3)
  5 stone giant zombies
  A wolf spider (shapeshifter) (Abyss:3)
  A mana viper (Abyss:4)
  40 wolf spiders
  6 manticores
  32 ugly things
  28 moths of wrath
  5 stone giant skeletons
  78 deep elf magi
  An elephant (shapeshifter) (Vaults:2)
  An eye of devastation (Abyss:2)
  15 vault sentinels
  7 elephants (Lair:6)
  10 fire giant skeletons
  6 black mambas
  2 black mambas (shapeshifter)
  A guardian serpent (Abyss:2)
  4 dire elephant zombies
  3 ice statues
  2 frost giant skeletons
  3 shock serpent zombies
  6 gargoyles
  53 rust devils
  3 apocalypse crabs
  A guardian serpent (shapeshifter) (Depths:3)
  6 torpor snails
  18 smoke demons
  21 spiny frogs
  2 molten gargoyles (Hell)
  A storm dragon simulacrum (Vaults:1)
  17 orange demons
  A black draconian zombie (Crypt:2)
  A catoblepas zombie (Dis:5)
  23 hellions
  4 rime drakes (Lair:6)
  14 komodo dragons
  A rime drake (shapeshifter) (Depths:4)
  4 centaur skeletons
  3 human zombies
  56 yaktaurs
  3 kobold demonologists
  5 spectral swamp worms (Depths:4)
  26 demonic crawlers
  36 tormentors
  A yaktaur (shapeshifter) (Abyss:4)
  A shock serpent skeleton (Crypt:1)
  A yaktaur skeleton (Vaults:4)
  22 freezing wraiths
  22 ice devils
  25 guardian mummies
  4 efreet
  7 hellwings
  3 hydra zombies
  2 tengu conjurers
  A harpy zombie (Dis:7)
  A silent spectre (Abyss:3)
  28 red devils
  13 small abominations
  7 ancient zymes
  A minotaur zombie (Dis:2)
  A polar bear (shapeshifter) (Depths:4)
  A harpy skeleton (Hell)
  52 large abominations
  11 polar bears
  2 jumping spiders (shapeshifter)
  6 tyrant leeches
  A merfolk (shapeshifter) (Vaults:4)
  A moth of wrath zombie (Crypt:1)
  42 two-headed ogres
  42 jumping spiders
  8 trolls
  A wind drake (shapeshifter) (Depths:4)
  7 ettin zombies
  19 blink frogs
  36 hornets
  4 fire dragon zombies
  2 hydra skeletons (Hell)
  3 hippogriffs
  31 raiju
  2 ice dragon zombies
  12 bog bodies
  126 slime creatures
  A snapping turtle (shapeshifter) (Depths:4)
  A frost giant simulacrum (Vaults:3)
  A slime creature (shapeshifter) (Vaults:5)
  A hippogriff (shapeshifter) (Depths:4)
  53 flying skulls
  3 black mamba zombies
  6 alligator zombies
  A centaur simulacrum (D:15)
  8 vampires
  6 water elementals
  9 fire dragon skeletons
  A spriggan (shapeshifter) (Vaults:4)
  Sigmund (D:3)
  An alligator skeleton (Hell)
  2 yaks (shapeshifter) (Vaults:2)
  A tarantella (shapeshifter) (Depths:3)
  3 ettin skeletons
  23 wraiths
  A redback (shapeshifter) (Depths:4)
  51 spriggans
  A hog (shapeshifter) (Depths:4)
  21 shadows
  33 ynoxinuls
  7 air elementals
  21 tarantellas
  57 yaks
  A golden eye (shapeshifter) (Vaults:1)
  3 hogs (D:11)
  8 ushabtiu (Tomb:1)
  8 fire elementals
  8 fire bats
  6 wyverns
  3 basilisks
  2 humans
  6 hungry ghosts
  A black mamba skeleton (Crypt:1)
  10 golden eyes
  77 redbacks
  20 neqoxecs
  A basilisk (shapeshifter) (Vaults:1)
  17 chaos spawn
  3 steam dragons
  21 vampire mosquitoes
  A hill giant skeleton (Crypt:2)
  5 spatial vortices (WizLab)
  A yaktaur simulacrum (Vaults:4)
  18 insubstantial wisps
  The ghost of Fartwhistle the Vandal, an amateur HaHu (D:3)
  3 mottled dragons
  A naga (shapeshifter) (Vaults:4)
  A merfolk zombie (Dis:7)
  A monstrous demonspawn zombie (Crypt:2)
  2 soldier ants
  A swamp worm (shapeshifter) (Depths:5)
  A soldier ant (shapeshifter) (Vaults:3)
  17 wargs
  15 swamp worms
  18 water moccasins
  51 hell hounds
  4 spiny frog zombies
  A floating eye (Abyss:3)
  6 porcupines
  An infernal demonspawn skeleton (Crypt:2)
  A gelid demonspawn skeleton (WizLab)
  15 swamp drakes
  16 black bears
  62 orc warriors
  A snapping turtle zombie (Tomb:2)
  16 ice beasts
  A hornet zombie (D:14)
  A black bear (shapeshifter) (Depths:4)
  A lindwurm zombie (Crypt:1)
  10 necrophages
  A manticore zombie (Hell)
  7 sky beasts
  An ettin simulacrum (Vaults:2)
  5 eyes of draining
  54 ogres
  4 phantoms
  13 boggarts
  6 crocodiles
  10 wolves (Lair:6)
  24 centaurs
  3 swamp dragon zombies
  An elephant skeleton (Crypt:1)
  A manticore skeleton (Dis:6)
  A komodo dragon zombie (Crypt:1)
  An elf zombie (Dis:5)
  A big kobold (shapeshifter) (Vaults:2)
  11 bullfrogs
  6 big kobolds
  4 earth elementals
  A deep troll simulacrum (Vaults:4)
  A wyvern zombie (D:11)
  A water moccasin zombie (D:10)
  A spiny frog simulacrum (Hell)
  6 scorpions
  A scorpion (shapeshifter) (Depths:4)
  A wyvern skeleton (Crypt:2)
  A spriggan zombie (Hell)
  2 water moccasin skeletons (D:10)
  12 killer bees
  56 wights
  3 howler monkeys
  2 electric eels
  5 centaur zombies
  15 crimson imps
  7 bullfrog zombies
  2 quasits
  A gnoll shaman (D:7)
  17 hounds
  22 orc wizards
  3 bullfrog skeletons
  37 orc priests
  7 jellies
  55 iron imps
  15 human skeletons
  12 iguanas
  13 worker ants
  2 demonspawn skeletons
  9 hell rats
  5 lightning spires (Zot:4)
  2 polar bear simulacra (Lair:6)
  4 yak simulacra (Lair:6)
  3 wolf simulacra (Lair:6)
  An ogre zombie (Dis:7)
  3 tengu zombies
  3 hound zombies
  An ogre skeleton (Crypt:2)
  2 hound skeletons (D:10)
  35 mummies
  5 worker ant zombies
  3 howler monkey skeletons
  17 gnolls
  16 adders
  9 shadow imps
  14 white imps
  5 oozes
  A worm zombie (Crypt:1)
  An adder skeleton (D:12)
  A worm (D:2)
  2 dart slugs
  7 leopard geckos
  141 orcs
  6 spectral bats (Abyss:5)
  8 bat simulacra (Abyss:5)
  5 giant cockroaches
  9 goblins
  10 hobgoblins
  22 jackals
  31 kobolds
  5 quokkas
  A ball python (D:4)
  9 bats
  3 frilled lizards
  A giant cockroach zombie (D:3)
  A goblin skeleton (D:9)
  A hobgoblin zombie (D:9)
  A jackal zombie (D:6)
  A kobold skeleton (D:9)
  A leopard gecko skeleton (D:4)
  2 orc skeletons (D:9)
  2 orc zombies (D:9)
  A quokka skeleton (D:4)
  4 rats
  2 river rat simulacra (Lair:6)
  A crawling corpse (Elf:3)
  A fungus (Lair:6)
  2 plants (Lair:6)
  7 starspawn tentacles
4644 creatures vanquished.

Vanquished Creatures (others)
  A quicksilver dragon (Zot:4)
  An Executioner (Pan)
  A draconian monk (Zot:4)
  A fire giant (D:15)
  A deep elf annihilator (Elf:3)
  A green death (Pan)
  A yaktaur captain (Depths:3)
  A jiangshi (Depths:3)
  2 hydras
  31 death scarabs (Tomb:2)
  A hell hog (Dis:2)
  2 deep elf knights
  A skeletal warrior (Tomb:1)
  A swamp dragon (Swamp:4)
  2 flying skulls
  A redback (Spider:2)
  A spriggan (Swamp:2)
  An air elemental (Elf:1)
  A shadow (Dis:3)
  A floating eye (Depths:3)
  2 hell hounds (Hell)
  A swamp drake (Swamp:4)
  An ogre (Depths:1)
  A large abomination (Pan)
  2 starcursed masses (Abyss:4)
  7 iron imps
  An orc priest (Orc:2)
  A human skeleton (Vaults:3)
  2 hell rats
  A worker ant (D:13)
  4 mummies
  An adder (D:10)
  5 ball lightnings (Zot:4)
  2 orcs
  A spectral bat (Abyss:5)
  A bush (Lair:6)
  A crawling corpse (Elf:3)
  18 fungi (Lair:6)
  A lurking horror (Abyss:5)
  16 plants
  37 starspawn tentacles
  45 withered plants (Crypt:3)
204 creatures vanquished.

Grand Total: 4848 creatures vanquished

Notes
Turn   | Place    | Note
-------+----------+-------------------------------------------
     0 | D:1      | Nydiazath the Gargoyle Fighter began the quest for the Orb.
     0 | D:1      | Reached XP level 1. HP: 14/14 MP: 1/1
   210 | D:1      | Reached XP level 2. HP: 18/19 MP: 2/2
   458 | D:1      | Reached XP level 3. HP: 20/23 MP: 3/3
   842 | D:1      | Reached XP level 4. HP: 9/28 MP: 4/4
  1255 | D:2      | Found an iron altar of Okawaru.
  1255 | D:2      | Found a stormy altar of Qazlal.
  1260 | D:2      | Found an opulent altar of Gozag.
  1262 | D:2      | Found a faded altar of an unknown god.
  1263 | D:2      | Found an ancient bone altar of Kikubaaqudgha.
  1273 | D:2      | Became a worshipper of Warmaster Okawaru
  1592 | D:3      | Noticed Sigmund
  1600 | D:3      | Killed Sigmund
  1600 | D:3      | Reached XP level 5. HP: 31/32 MP: 0/5
  1600 | D:3      | Reached XP level 6. HP: 36/37 MP: 0/6
  1707 | D:3      | Noticed Fartwhistle's ghost (amateur HaHu)
  1734 | D:3      | Killed Fartwhistle's ghost
  2129 | D:3      | Reached XP level 7. HP: 29/41 MP: 2/7
  2131 | D:3      | Reached * piety under Okawaru
  2244 | D:4      | Found a sacrificial altar of Ru.
  2804 | D:4      | Found a snail-covered altar of Cheibriados.
  2804 | D:4      | Found a glowing silver altar of Zin.
  2945 | D:4      | Found a radiant altar of Vehumet.
  3045 | D:5      | Entered Level 5 of the Dungeon
  3182 | D:5      | Found a staircase to the Ecumenical Temple.
  3362 | D:5      | Noticed a hippogriff
  3371 | D:5      | Killed a hippogriff
  3371 | D:5      | Reached ** piety under Okawaru
  3371 | D:5      | Reached XP level 8. HP: 34/46 MP: 6/8
  3401 | D:5      | Found a bloodstained altar of Trog.
  4218 | D:6      | Reached skill level 10 in Maces & Flails
  5225 | D:8      | Found a white marble altar of Elyvilon.
  5264 | D:8      | Reached XP level 9. HP: 48/51 MP: 7/9
  5760 | D:7      | Reached *** piety under Okawaru
  6921 | D:7      | Found a shimmering altar of Xom.
  6971 | D:7      | Received a gift from Okawaru
  7027 | D:7      | Reached XP level 10. HP: 22/56 MP: 6/10
  7132 | D:7      | Found a shadowy altar of Dithmenos.
  7642 | D:7      | Reached **** piety under Okawaru
  8056 | D:8      | Gained mutation: You are clumsy. (Dex -2) [potion of mutation]
  8056 | D:8      | Gained mutation: You are dopey. (Int -2) [potion of mutation]
  8056 | D:8      | Gained mutation: You are frail. (-10% HP) [potion of mutation]
  8392 | D:9      | Got a pair of scorched gloves
  8398 | D:9      | Identified the -5 pair of gloves of Grot {*Drain rC- rCorr Dex+8} (You found it on level 9 of the Dungeon)
  8480 | D:9      | Noticed ZelenKor's ghost (novice CeHu)
  8517 | D:9      | Killed ZelenKor's ghost
  8873 | D:9      | Found a glowing golden altar of the Shining One.
  9129 | D:9      | Reached skill level 4 in Shields
  9176 | D:9      | Lost mutation: You are clumsy. (Dex -2) [mutagenic meat]
  9256 | D:9      | Found a staircase to the Lair.
  9460 | D:9      | Reached ***** piety under Okawaru
  9460 | D:9      | Reached skill level 5 in Fighting
  9460 | D:9      | Reached skill level 5 in Shields
  9466 | D:9      | Got a crude buckler
  9477 | D:9      | Identified the cursed +0 buckler of Resourcefulness {-Tele rN+ MR+} (You found it on level 9 of the Dungeon)
  9492 | D:10     | Entered Level 10 of the Dungeon
  9853 | D:10     | Reached skill level 1 in Dodging
  9890 | D:10     | Reached skill level 6 in Shields
  9890 | D:10     | Reached XP level 11. HP: 50/57 MP: 11/11
  9895 | D:10     | Noticed a skeletal warrior
  9925 | D:10     | Killed a skeletal warrior
 10482 | D:10     | Reached skill level 7 in Shields
 10932 | D:10     | Found a staircase to the Orcish Mines.
 11210 | D:11     | Reached ****** piety under Okawaru
 11328 | D:11     | Reached skill level 8 in Shields
 11480 | D:11     | Noticed buskinjo's ghost (journeyman OpFE)
 11815 | D:11     | Killed buskinjo's ghost
 11938 | D:11     | HP: 1/62 [troll (10)]
 11940 | D:11     | Received a gift from Okawaru
 12009 | D:11     | Lost mutation: You are frail. (-10% HP) [potion of cure mutation]
 12009 | D:11     | Lost mutation: You are dopey. (Int -2) [potion of cure mutation]
 12010 | D:11     | Gained mutation: You are partially covered in rugged brown scales. (AC +1, +3% HP) [potion of beneficial mutation]
 12362 | D:11     | Found a runed door.
 12374 | D:11     | Found a runed door.
 12392 | D:11     | Reached XP level 12. HP: 77/77 MP: 10/12
 12479 | D:11     | Reached skill level 5 in Dodging
 13080 | D:12     | Noticed Fannar
 13113 | D:12     | Killed Fannar
 13324 | D:12     | Noticed a six-headed hydra
 13331 | D:12     | Killed a six-headed hydra
 13526 | D:12     | Received a gift from Okawaru
 13911 | D:12     | Noticed Harold
 13912 | D:12     | Noticed a five-headed hydra
 13921 | D:12     | Killed a five-headed hydra
 13929 | D:12     | Killed Harold
 13986 | D:13     | Found Koxue's Weapon Emporium.
 13996 | D:13     | Reached skill level 10 in Fighting
 14068 | D:13     | Noticed Frances
 14079 | D:13     | Killed Frances
 14079 | D:13     | Reached skill level 15 in Maces & Flails
 14212 | D:13     | Reached XP level 13. HP: 85/85 MP: 10/13
 14261 | D:13     | Found Pocupp's Antique Weapon Shop.
 14262 | D:13     | Found Jenuem's Antique Armour Emporium.
 14277 | D:13     | Received a gift from Okawaru
 14582 | D:13     | Bought a glowing cloak for 231 gold pieces
 14632 | D:13     | Noticed Erolcha
 14639 | D:13     | Killed Erolcha
 14682 | D:13     | Reached skill level 1 in Evocations
 14996 | D:13     | Noticed a vault guard
 15002 | D:13     | Noticed a vault guard
 15165 | D:13     | Noticed a vault guard
 15168 | D:13     | Noticed an ogre mage
 15176 | D:13     | Killed an ogre mage
 15190 | D:13     | Killed a vault guard
 15202 | D:13     | Noticed a vault guard
 15501 | D:13     | Killed a vault guard
 15524 | D:13     | Killed a vault guard
 15540 | D:13     | Noticed a vault guard
 15553 | D:13     | Killed a vault guard
 15577 | D:13     | Killed a vault guard
 15629 | D:13     | Found a gate to the Vaults.
 15719 | D:14     | Received a gift from Okawaru
 15722 | D:14     | Got a crude morningstar {god gift}
 15723 | D:14     | Identified the +2 morningstar "Gargoyle's Death" {holy, MR+} (Okawaru gifted it to you on level 14 of the Dungeon)
 15819 | D:14     | Reached skill level 9 in Shields
 16023 | D:14     | Found Xinilaaz's Gadget Shoppe.
 16409 | D:15     | Entered Level 15 of the Dungeon
 16432 | D:15     | Found a staircase to the Depths.
 16433 | D:15     | Noticed a fire giant
 16486 | D:15     | Gained mutation: Your large and strong wings let you fly indefinitely. [Gargoyle growth]
 16486 | D:15     | Reached XP level 14. HP: 81/93 MP: 14/16
 16507 | D:15     | Killed a fire giant
 16507 | D:15     | Reached skill level 10 in Shields
 16512 | D:15     | Received a gift from Okawaru
 16824 | D:15     | Reached skill level 11 in Shields
 17160 | D:15     | Found a burning altar of Makhleb.
 17440 | D:15     | Reached skill level 12 in Shields
 17495 | D:15     | Reached skill level 1 in Spellcasting
 17823 | Lair:1   | Entered Level 1 of the Lair of Beasts
 18141 | Lair:1   | Found a glowing silver altar of Zin.
 18979 | Lair:2   | Gained mutation: You have supernaturally acute eyesight. (SInv) [potion of mutation]
 18979 | Lair:2   | Gained mutation: You are agile. (Dex +2) [potion of mutation]
 18979 | Lair:2   | Gained mutation: You are partially covered in iridescent scales. (AC +2) [potion of mutation]
 18980 | Lair:2   | Gained mutation: You expend magic power (3 MP) to strengthen your wands. [potion of mutation]
 18980 | Lair:2   | Lost mutation: You expend magic power (3 MP) to strengthen your wands. [potion of mutation]
 18980 | Lair:2   | Gained mutation: You possess an exceptional clarity of mind. [potion of mutation]
 19301 | Lair:2   | Received a gift from Okawaru
 19343 | Lair:2   | Got a pair of twisted gloves
 19354 | Lair:2   | Identified the +2 pair of gloves of Fun and Games {rN+ Str+2} (You found it on level 2 of the Lair of Beasts)
 19811 | Lair:3   | Reached skill level 13 in Shields
 20443 | Lair:3   | Identified Sif Muna's Catalogue of Good Luck and Transmutation
 20594 | Lair:4   | Found a runed door.
 20597 | Lair:4   | Found a shimmering altar of Xom.
 20610 | Lair:4   | Reached XP level 15. HP: 92/98 MP: 20/22
 20678 | Lair:4   | Found a staircase to the Swamp.
 20693 | Lair:4   | Reached skill level 5 in Spellcasting
 20742 | Lair:4   | Found a hole to the Spider Nest.
 21146 | Lair:4   | Received a gift from Okawaru
 21162 | Lair:4   | Got a brightly glowing large shield {god gift}
 21173 | Lair:4   | Identified the +7 large shield of Summertime {*Drain rElec rPois MR+++} (Okawaru gifted it to you on level 4 of the Lair of Beasts)
 21243 | Lair:4   | Noticed Sonja
 21682 | Lair:5   | Reached skill level 14 in Shields
 21762 | Lair:5   | Found a staircase to the Slime Pits.
 22004 | Lair:6   | Entered Level 6 of the Lair of Beasts
 22345 | Lair:6   | Got an encrusted eveningstar
 22346 | Lair:6   | Identified the +3 eveningstar of Rehac {freeze, rF+++} (You found it on level 6 of the Lair of Beasts)
 22412 | Lair:6   | Reached skill level 15 in Shields
 22721 | Lair:6   | Noticed esteth's ghost (journeyman MiFi)
 22749 | Lair:6   | Killed esteth's ghost
 22749 | Lair:6   | Received a gift from Okawaru
 22780 | Lair:6   | Reached skill level 16 in Shields
 22781 | Lair:6   | Received a gift from Okawaru
 22904 | Lair:6   | Learned a level 3 spell: Regeneration
 22961 | Lair:6   | Reached skill level 1 in Charms
 23051 | Lair:6   | Reached XP level 16. HP: 83/104 MP: 20/24
 23760 | Lair:4   | Killed Sonja
 23785 | Swamp:1  | Entered Level 1 of the Swamp
 23788 | Swamp:1  | Noticed Roxanne
 24131 | Swamp:1  | Reached skill level 5 in Charms
 24164 | Swamp:1  | Reached skill level 17 in Shields
 24674 | Swamp:1  | Killed Roxanne
 24775 | Swamp:1  | Got a coiled lapis lazuli ring
 24812 | Swamp:1  | Identified the ring "Xiet" {Fire rElec rN+ Str+2 Int-2} (You found it on level 1 of the Swamp)
 24947 | Swamp:2  | Received a gift from Okawaru
 25306 | Swamp:2  | Noticed Nikola
 25320 | Swamp:2  | Killed Nikola
 25688 | Swamp:3  | Received a gift from Okawaru
 25820 | Swamp:3  | Got a wavering graven amulet
 25822 | Swamp:3  | Identified the amulet "Agahiaguc" {RegenMP Int+6} (You found it on level 3 of the Swamp)
 26172 | Swamp:4  | Entered Level 4 of the Swamp
 26356 | Swamp:4  | Reached XP level 17. HP: 106/111 MP: 21/25
 26370 | Swamp:4  | Noticed the 27-headed Lernaean hydra
 26385 | Swamp:4  | Killed the 27-headed Lernaean hydra
 26538 | Swamp:4  | Got a decaying rune of Zot
 26926 | Spider:1 | Entered Level 1 of the Spider Nest
 26959 | Spider:1 | Reached skill level 18 in Shields
 27229 | Spider:1 | Reached skill level 1 in Necromancy
 27458 | Spider:1 | Received a gift from Okawaru
 27461 | Spider:1 | Got a crystal mace {god gift}
 27462 | Spider:1 | Identified the +0 mace of Intuition {crush, Dex+4} (Okawaru gifted it to you on level 1 of the Spider Nest)
 28333 | Spider:3 | Reached skill level 5 in Evocations
 28405 | Spider:3 | Reached XP level 18. HP: 118/119 MP: 26/26
 28758 | Spider:3 | Received a gift from Okawaru
 29630 | Spider:4 | Entered Level 4 of the Spider Nest
 30222 | Spider:4 | Noticed Agnes
 30232 | Spider:4 | Killed Agnes
 30232 | Spider:4 | Reached skill level 5 in Armour
 30847 | Spider:4 | Noticed Arachne
 30878 | Spider:4 | Killed Arachne
 30878 | Spider:4 | Reached skill level 5 in Necromancy
 31581 | Spider:4 | Received a gift from Okawaru
 31774 | Spider:4 | Got a gossamer rune of Zot
 32185 | Orc:1    | Entered Level 1 of the Orcish Mines
 32223 | D:10     | Received a gift from Okawaru
 32450 | Orc:2    | Entered Level 2 of the Orcish Mines
 32819 | Orc:1    | Reached XP level 19. HP: 125/125 MP: 27/27
 32907 | Orc:2    | Found a roughly hewn altar of Beogh.
 33021 | Orc:2    | Found Egayxud's Weapon Boutique.
 33047 | Orc:2    | Found Cudonair's Distillery.
 33070 | Orc:2    | Bought 2 potions of might for 96 gold pieces
 33070 | Orc:2    | Bought a potion of curing for 36 gold pieces
 33070 | Orc:2    | Bought a potion of heal wounds for 60 gold pieces
 33070 | Orc:2    | Bought a potion of heal wounds for 60 gold pieces
 33070 | Orc:2    | Bought a potion of curing for 36 gold pieces
 33070 | Orc:2    | Bought a potion of might for 48 gold pieces
 33070 | Orc:2    | Bought a potion of might for 48 gold pieces
 33585 | Orc:2    | Found a staircase to the Elven Halls.
 34033 | Orc:2    | Found a roughly hewn altar of Beogh.
 34050 | Orc:2    | Found Olaneil's Antique Weapon Boutique.
 34300 | Orc:2    | Found Bumuuc's Jewellery Shoppe.
 34323 | Orc:2    | Bought the amulet "Saubb" {+Rage rElec rPois rF- rC+++} for 1551 gold pieces
 34535 | Orc:1    | Found Dirien's Food Shoppe.
 34542 | Orc:1    | Bought a beef jerky for 21 gold pieces
 34542 | Orc:1    | Bought a meat ration for 70 gold pieces
 34542 | Orc:1    | Bought a bread ration for 70 gold pieces
 34542 | Orc:1    | Bought 3 fruits for 63 gold pieces
 34542 | Orc:1    | Bought 4 fruits for 84 gold pieces
 34542 | Orc:1    | Bought a meat ration for 70 gold pieces
 34542 | Orc:1    | Bought a bread ration for 70 gold pieces
 34542 | Orc:1    | Bought a slice of pizza for 21 gold pieces
 34542 | Orc:1    | Bought a meat ration for 70 gold pieces
 34831 | Vaults:1 | Entered Level 1 of the Vaults
 35158 | Vaults:1 | Reached skill level 15 in Fighting
 35951 | Vaults:1 | Received a gift from Okawaru
 35999 | Vaults:1 | Reached skill level 10 in Dodging
 36005 | Vaults:1 | Got a heavily runed scale mail {god gift}
 36016 | Vaults:1 | Identified the +2 scale mail of True Grit {rPois Str+4} (Okawaru gifted it to you on level 1 of the Vaults)
 36130 | Vaults:1 | Found a gateway to a bazaar.
 36142 | Bazaar   | Entered a bazaar
 36142 | Bazaar   | Found Mirreise's Antique Weapon Boutique.
 36142 | Bazaar   | Found Mano's Weapon Boutique.
 36142 | Bazaar   | Found Gigi's Armour Shop.
 36142 | Bazaar   | Found Jurcha's Antique Weapon Shop.
 36142 | Bazaar   | Found Xicul's Book Boutique.
 36372 | Vaults:1 | Noticed Donald
 36391 | Vaults:1 | Killed Donald
 37101 | Vaults:2 | Noticed Margery
 37274 | Vaults:2 | Got a shimmering jade amulet
 37276 | Vaults:2 | Identified the amulet of the Three Wishes {Harm *Drain Int+2} (You found it on level 2 of the Vaults)
 37493 | Vaults:2 | Found a staircase to the Crypt.
 37493 | Vaults:2 | Found a basalt altar of Yredelemnul.
 37494 | Vaults:2 | Found an ancient bone altar of Kikubaaqudgha.
 37553 | Vaults:2 | Reached skill level 19 in Shields
 37553 | Vaults:2 | Reached XP level 20. HP: 117/134 MP: 28/28
 37992 | Vaults:2 | Killed Margery
 37992 | Vaults:2 | Received a gift from Okawaru
 38425 | Vaults:2 | Reached skill level 10 in Armour
 38857 | Vaults:3 | Noticed Mara
 38881 | Vaults:3 | Noticed Nydiazath's illusion
 38890 | Vaults:3 | Killed Mara
 38926 | Vaults:3 | Received a gift from Okawaru
 38929 | Vaults:3 | Got a steaming shield {god gift}
 38931 | Vaults:3 | Identified the +3 shield of Nuyday {rPois Regen+ MP-9} (Okawaru gifted it to you on level 3 of the Vaults)
 39929 | Vaults:3 | Reached XP level 21. HP: 132/141 MP: 29/29
 40354 | Vaults:3 | Received a gift from Okawaru
 40385 | Vaults:3 | Reached skill level 20 in Shields
 40951 | Vaults:4 | Reached skill level 1 in Invocations
 40973 | Vaults:4 | Received a gift from Okawaru
 41168 | Vaults:4 | Noticed an ancient lich
 41185 | Vaults:4 | Killed an ancient lich
 41308 | Vaults:4 | Received a gift from Okawaru
 41552 | Vaults:4 | Found Fiseyggi's Jewellery Shoppe.
 41595 | Vaults:4 | Bought the ring "Wautios" {+Inv MR+ Str+3} for 543 gold pieces
 41595 | Vaults:4 | Bought an uncursed ring of resist corrosion for 240 gold pieces
 41613 | Vaults:4 | Found Efecag's Weapon Shoppe.
 42489 | Vaults:4 | Reached XP level 22. HP: 149/149 MP: 30/30
 42532 | Vaults:5 | Entered Level 5 of the Vaults
 42582 | Vaults:4 | Reached skill level 5 in Invocations
 42641 | Vaults:4 | Received a gift from Okawaru
 42776 | Vaults:5 | Received a gift from Okawaru
 42816 | Vaults:5 | Noticed a golden dragon
 43180 | Vaults:5 | Noticed an ancient lich
 43557 | Vaults:4 | Received a gift from Okawaru
 43583 | Vaults:4 | Got a scorched eveningstar {god gift}
 43586 | Vaults:4 | Identified the +3 eveningstar of Watchfulness {flame, Int+4 Dex+2} (Okawaru gifted it to you on level 4 of the Vaults)
 43754 | Vaults:5 | Killed an ancient lich
 44068 | Vaults:4 | Reached skill level 10 in Charms
 44306 | Vaults:5 | Received a gift from Okawaru
 44444 | Vaults:5 | Noticed an ancient lich
 44461 | Vaults:5 | Killed an ancient lich
 44501 | Vaults:5 | Identified a +4 rod of shadows (6/12) (You took it off a yaktaur on level 5 of the Vaults)
 44549 | Vaults:5 | Reached XP level 23. HP: 156/156 MP: 33/33
 44855 | Vaults:5 | Got a silver rune of Zot
 44860 | Vaults:5 | Identified the Reference Book on Hexes
 44866 | Vaults:5 | Learned a level 3 spell: Spectral Weapon
 44920 | Vaults:5 | Killed a golden dragon
 45120 | Vaults:5 | Got a warped battleaxe {chop}
 45121 | Vaults:5 | Identified the +7 battleaxe "Ukhuc" {chop, *Corrode rN++} (You took it off a tengu reaver on level 5 of the Vaults)
 45259 | Vaults:5 | Identified Sif Muna's Handbook of Enthralling Lightness
 45281 | Vaults:5 | Identified the Grimoire of Bewitching Shape Shifting
 45283 | Vaults:5 | Identified the Grimoire of Icy Transmutation
 45608 | Vaults:5 | Received a gift from Okawaru
 45611 | Vaults:5 | Got a spiked large shield {god gift}
 45620 | Vaults:5 | Identified the +8 large shield of Jykly {rC++ rN++ Regen+} (Okawaru gifted it to you on level 5 of the Vaults)
 46057 | Crypt:1  | Entered Level 1 of the Crypt
 46116 | Crypt:1  | Noticed Mennas
 46116 | Crypt:1  | Noticed Bai Suzhen
 46168 | Vaults:2 | Killed Bai Suzhen
 46214 | Crypt:1  | Killed Mennas
 46930 | Crypt:2  | Found a magical portal.
 46939 | WizLab   | Entered The Roulette of Golubria
 46941 | WizLab   | Found a corrupted altar of Lugonu.
 47121 | WizLab   | Found a corrupted altar of Lugonu.
 47157 | WizLab   | Lost mutation: You are agile. (Dex +2) [a cacodemon]
 47158 | WizLab   | Lost mutation: You have supernaturally acute eyesight. (SInv) [a cacodemon]
 47576 | WizLab   | Received a gift from Okawaru
 47819 | WizLab   | Learned a level 1 spell: Infusion
 47822 | WizLab   | Learned a level 2 spell: Song of Slaying
 47825 | WizLab   | Learned a level 2 spell: Shroud of Golubria
 47866 | WizLab   | Identified the Handbook of the Voyage
 47942 | WizLab   | Identified the +2 cloak of Wyrghetol {rC+ rN+ Dex+4 Stlth+} (You found it in a wizard's laboratory)
 48023 | WizLab   | Reached XP level 24. HP: 150/164 MP: 35/35
 48220 | Crypt:2  | Found a basalt altar of Yredelemnul.
 48339 | Crypt:2  | Reached skill level 15 in Armour
 48588 | Crypt:3  | Entered Level 3 of the Crypt
 48663 | Crypt:3  | Reached skill level 21 in Shields
 48804 | Crypt:3  | Identified a scroll of acquirement
 48902 | Crypt:3  | Identified the Catalogue of Transmigration and the Rocks
 48938 | Crypt:3  | Reached skill level 10 in Invocations
 49092 | Crypt:3  | Identified Muib's Volume of Evil Magic
 49194 | Crypt:3  | Got a scorched turquoise ring
 49194 | Crypt:3  | Got a scintillating bone ring
 49197 | Crypt:3  | Identified the ring "Ideteat" {rN+ MR+ Dex+3} (You found it on level 3 of the Crypt)
 49199 | Crypt:3  | Identified the ring "Hunaem" {rN+ Int+6 Dex+2} (You found it on level 3 of the Crypt)
 49200 | Crypt:3  | Identified the ring "Panoat" {rF+ rN+ Str-4 Int+2 Dex+9} (You found it on level 3 of the Crypt)
 49672 | Crypt:3  | Found a staircase to the Tomb.
 49809 | Crypt:3  | Found an ancient bone altar of Kikubaaqudgha.
 49811 | Crypt:3  | Noticed an ancient lich
 49838 | Crypt:3  | Killed an ancient lich
 49838 | Crypt:3  | Received a gift from Okawaru
 49867 | Crypt:3  | Noticed an ancient lich
 49889 | Crypt:3  | Killed an ancient lich
 49911 | Crypt:3  | Learned a level 2 spell: Repel Missiles
 49921 | Crypt:3  | Learned a level 8 spell: Controlled Blink
 49935 | Crypt:3  | Reached skill level 1 in Translocations
 50658 | Crypt:3  | Reached skill level 5 in Translocations
 51089 | Elf:1    | Entered Level 1 of the Elven Halls
 51299 | Elf:1    | Received a gift from Okawaru
 51877 | Elf:1    | Reached skill level 10 in Translocations
 52193 | Elf:2    | Reached XP level 25. HP: 170/170 MP: 35/35
 52522 | Elf:2    | Found a runed gate.
 52522 | Elf:2    | Found a runed gate.
 52536 | Elf:2    | Found a runed gate.
 53022 | Elf:3    | Entered Level 3 of the Elven Halls
 53200 | Elf:3    | Received a gift from Okawaru
 53413 | Elf:3    | Got a dazzling morningstar
 53414 | Elf:3    | Identified the cursed +3 morningstar of Conscience {distort, Dex+3} (You found it on level 3 of the Elven Halls)
 53705 | Elf:3    | Identified Cadghunti's Compendium of Translocation and Bewitchment
 53709 | Elf:3    | Learned a level 2 spell: Blink
 54119 | Elf:3    | Got a spiked leather armour
 54132 | Elf:3    | Identified the +0 leather armour of the Pits of Slime {Int-3 Dex+3} (You found it on level 3 of the Elven Halls)
 54201 | Elf:3    | Got an ichor-stained helmet
 54212 | Elf:3    | Identified the +0 helmet of Pupum {+Inv MP+9} (You found it on level 3 of the Elven Halls)
 54262 | Elf:3    | Received a gift from Okawaru
 54769 | Depths:1 | Entered Level 1 of the Depths
 54817 | Depths:1 | Noticed Asterion
 54841 | Depths:1 | Killed Asterion
 55336 | Depths:1 | Found a gateway to Hell.
 55621 | Depths:1 | Found a basalt altar of Yredelemnul.
 55654 | Depths:1 | Found Quruvvom's Book Emporium.
 55963 | Depths:2 | Reached XP level 26. HP: 178/178 MP: 35/35
 56560 | Depths:2 | Got a steaming hat
 56584 | Depths:2 | Identified the cursed -2 hat "Qituimm" {+Blink +Fly} (You found it on level 2 of the Depths)
 56622 | Depths:2 | Noticed the Enchantress
 56676 | Depths:2 | Killed the Enchantress
 56678 | Depths:2 | Got faerie dragon scales
 56692 | Depths:2 | Identified the +5 faerie dragon scales {rPois rN+ SInv} (You took it off the Enchantress on level 2 of the Depths)
 57073 | Depths:2 | Received a gift from Okawaru
 57092 | Depths:2 | Found a bloodstained altar of Trog.
 57954 | Vaults:5 | Learned a level 5 spell: Silence
 58338 | Depths:2 | Received a gift from Okawaru
 58345 | Depths:2 | Got a bloodstained plate armour {god gift}
 58356 | Depths:2 | Identified the +3 plate armour "Gireah" {*Contam +Inv MR+ Slay+6} (Okawaru gifted it to you on level 2 of the Depths)
 58436 | Depths:3 | Found a gateway to a ziggurat.
 58476 | Depths:3 | Found a glowing silver altar of Zin.
 58511 | Depths:3 | Found a one-way gate to the infinite horrors of the Abyss.
 58713 | Depths:3 | Found a glowing golden altar of the Shining One.
 58820 | Depths:3 | Reached skill level 10 in Spellcasting
 58848 | Depths:3 | Found a shimmering altar of Xom.
 58947 | Depths:3 | Found a sacrificial altar of Ru.
 58963 | Depths:3 | Reached skill level 22 in Shields
 59018 | Depths:3 | Found a radiant altar of Vehumet.
 59083 | Depths:3 | Noticed a juggernaut
 59089 | Depths:3 | Paralysed by a floating eye for 3 turns
 59104 | Depths:3 | Paralysed by a floating eye for 3 turns
 59124 | Depths:3 | Killed a juggernaut
 59124 | Depths:3 | Reached XP level 27. HP: 135/185 MP: 37/37
 59167 | Depths:3 | Got a vibrating granite ring
 59355 | Depths:3 | Found a one-way gate leading to the halls of Pandemonium.
 59811 | Depths:3 | Received a gift from Okawaru
 60571 | Depths:4 | Found a corrupted altar of Lugonu.
 61256 | Depths:4 | Noticed Saint Roka
 61273 | Depths:4 | Killed Saint Roka
 61447 | Depths:4 | Noticed a juggernaut
 61461 | Depths:4 | Killed a juggernaut
 61461 | Depths:4 | Received a gift from Okawaru
 61488 | Depths:4 | Identified the ring of Descent {*Drain *Slow rElec Str+2 Slay+6} (You took it off a spriggan berserker on level 3 of the Depths)
 61490 | Depths:4 | Identified a +1 pair of boots of running (Okawaru gifted it to you on level 4 of the Depths)
 61984 | Depths:5 | Entered Level 5 of the Depths
 62046 | Depths:5 | Found a gate to the Realm of Zot.
 62798 | Depths:5 | Reached skill level 15 in Dodging
 63280 | Slime:1  | Entered Level 1 of the Pits of Slime
 63472 | Slime:1  | Received a gift from Okawaru
 63989 | Slime:2  | Received a gift from Okawaru
 65026 | Slime:3  | Gained mutation: You expend magic power (3 MP) to strengthen your wands. [a shining eye]
 65028 | Slime:3  | Gained mutation: Your body sometimes deteriorates upon taking damage. [a shining eye]
 65860 | Slime:5  | Entered Level 5 of the Pits of Slime
 66003 | Slime:5  | Received a gift from Okawaru
 66185 | Slime:5  | Noticed the Royal Jelly
 66208 | Slime:5  | Found a viscous altar of Jiyva.
 66440 | Slime:5  | Reached skill level 23 in Shields
 67208 | Slime:5  | Killed the Royal Jelly
 67225 | Slime:5  | Cast into level 5 of the Abyss (the power of Zot)
 67225 | Abyss:5  | Entered Level 5 of the Abyss
 67551 | Slime:5  | Escaped the Abyss
 67736 | Slime:5  | Identified Sif Muna's Almanac of the Known World
 67764 | Slime:5  | Identified the Handbook of Assistive Moulding
 67767 | Slime:5  | Got a slimy rune of Zot
 67851 | Slime:5  | Identified the ring "Aniem" {rN+ Stlth-} (You found it on level 5 of the Pits of Slime)
 68667 | Tomb:1   | Entered Level 1 of the Tomb of the Ancients
 68943 | Tomb:1   | Noticed a greater mummy
 69010 | Tomb:1   | Killed a greater mummy
 69294 | Tomb:1   | Noticed a greater mummy
 69758 | Tomb:1   | Received a gift from Okawaru
 69899 | Tomb:1   | Got a jewelled large shield
 69900 | Tomb:1   | Identified the +5 large shield of Vyqess {+Fly} (You acquired it on level 1 of the Tomb of the Ancients)
 70167 | Tomb:2   | Noticed a greater mummy
 70167 | Tomb:2   | Noticed a greater mummy
 70168 | Tomb:2   | Noticed an ancient lich
 70168 | Tomb:2   | Noticed a greater mummy
 70344 | Tomb:1   | Killed an ancient lich
 70460 | Tomb:1   | Killed a greater mummy
 70477 | Tomb:1   | Killed a greater mummy
 70586 | Tomb:1   | Killed a greater mummy
 71160 | Tomb:1   | Noticed a greater mummy
 71160 | Tomb:1   | Noticed a greater mummy
 71160 | Tomb:1   | Noticed a greater mummy
 71160 | Tomb:1   | Noticed a greater mummy
 71160 | Tomb:1   | Noticed a greater mummy
 71162 | Tomb:1   | Noticed a greater mummy
 71175 | Tomb:2   | Killed a greater mummy
 71356 | Tomb:2   | Killed a greater mummy
 71371 | Tomb:2   | Killed a greater mummy
 71486 | Tomb:2   | Killed a greater mummy
 71494 | Tomb:2   | Killed a greater mummy
 71561 | Tomb:1   | Killed a greater mummy
 71611 | Tomb:1   | Noticed a greater mummy
 71615 | Tomb:1   | Noticed a greater mummy
 71616 | Tomb:1   | Noticed a greater mummy
 71617 | Tomb:1   | Noticed a greater mummy
 71617 | Tomb:1   | Noticed a greater mummy
 71726 | Tomb:1   | Killed a greater mummy
 72467 | Zot:1    | Entered Level 1 of the Realm of Zot
 72635 | Zot:1    | Received a gift from Okawaru
 72907 | Zot:1    | Reached skill level 24 in Shields
 73541 | Zot:1    | Received a gift from Okawaru
 73750 | Zot:1    | Noticed an orb of fire
 73756 | Zot:1    | Gained mutation: You are weak. (Str -2) [an orb of fire]
 73759 | Zot:1    | Gained mutation: You are dopey. (Int -2) [an orb of fire]
 73769 | Zot:1    | Killed an orb of fire
 73881 | Zot:1    | Learned a level 6 spell: Deflect Missiles
 74039 | Zot:2    | Reached skill level 1 in Air Magic
 74505 | Zot:2    | Reached skill level 5 in Air Magic
 74728 | Zot:2    | Received a gift from Okawaru
 74738 | Zot:2    | Identified the +2 ring mail of the Duchess {MR+} (Okawaru gifted it to you on level 2 of the Realm of Zot)
 75384 | Zot:3    | Noticed an orb of fire
 75392 | Zot:3    | Gained mutation: You are very dopey. (Int -4) [an orb of fire]
 75402 | Zot:3    | Gained mutation: Armour fits poorly on your strangely shaped body. [an orb of fire]
 75406 | Zot:3    | Gained mutation: You are occasionally teleported next to monsters. [an orb of fire]
 75409 | Zot:3    | Killed an orb of fire
 75546 | Zot:3    | Lost mutation: Your body sometimes deteriorates upon taking damage. [potion of cure mutation]
 75546 | Zot:3    | Lost mutation: Armour fits poorly on your strangely shaped body. [potion of cure mutation]
 75547 | Zot:3    | Lost mutation: You possess an exceptional clarity of mind. [potion of cure mutation]
 75547 | Zot:3    | Lost mutation: You are occasionally teleported next to monsters. [potion of cure mutation]
 75547 | Zot:3    | Lost mutation: You expend magic power (3 MP) to strengthen your wands. [potion of cure mutation]
 75548 | Zot:3    | Lost mutation: You are very dopey. (Int -4) [potion of cure mutation]
 75548 | Zot:3    | Lost mutation: You are dopey. (Int -2) [potion of cure mutation]
 75548 | Zot:3    | Lost mutation: You are partially covered in rugged brown scales. (AC +1, +3% HP) [potion of cure mutation]
 76026 | Zot:4    | Identified the +4 leather armour of Indecent Exposure {MR- Str+4 Int+3 Dex-5} (You found it on level 4 of the Realm of Zot)
 76135 | Zot:3    | Received a gift from Okawaru
 76138 | Zot:3    | Identified the +10 morningstar of Quick Death {drain, +Inv Dex+4} (Okawaru gifted it to you on level 3 of the Realm of Zot)
 77013 | Zot:4    | Reached skill level 10 in Air Magic
 77048 | Zot:4    | Received a gift from Okawaru
 77478 | Zot:1    | Reached skill level 15 in Charms
 77639 | Hell     | Entered the Vestibule of Hell
 77639 | Hell     | Noticed Geryon
 77768 | Hell     | Noticed Murray
 77869 | Depths:5 | Received a gift from Okawaru
 78193 | Hell     | Cast into level 2 of the Abyss (hell knight)
 78457 | Abyss:3  | Found a corrupted altar of Lugonu.
 78663 | Abyss:3  | Got an abyssal rune of Zot
 78877 | Abyss:3  | Gained mutation: You are occasionally teleported next to monsters. [a neqoxec]
 78879 | Abyss:3  | Gained mutation: You possess an exceptional clarity of mind. [a neqoxec]
 78920 | Abyss:4  | Found a corrupted altar of Lugonu.
 78920 | Abyss:4  | Found a corrupted altar of Lugonu.
 79000 | Abyss:4  | Found a corrupted altar of Lugonu.
 79069 | Abyss:4  | Received a gift from Okawaru
 79087 | Abyss:4  | Found a corrupted altar of Lugonu.
 79192 | Abyss:4  | Paralysed by accursed screaming for 1 turns
 79194 | Abyss:4  | Paralysed by accursed screaming for 1 turns
 79208 | Abyss:4  | Paralysed by accursed screaming for 1 turns
 79379 | Abyss:4  | Paralysed by accursed screaming for 2 turns
 79384 | Abyss:4  | Paralysed by accursed screaming for 1 turns
 79387 | Abyss:4  | HP: 4/186 [starcursed mass/accursed screaming (11)]
 79393 | Abyss:4  | Paralysed by accursed screaming for 2 turns
 79397 | Abyss:4  | Paralysed by accursed screaming for 1 turns
 79401 | Abyss:4  | Paralysed by accursed screaming for 1 turns
 79509 | Hell     | Escaped the Abyss
 79535 | Depths:5 | Lost mutation: You are weak. (Str -2) [potion of cure mutation]
 79535 | Depths:5 | Lost mutation: You are occasionally teleported next to monsters. [potion of cure mutation]
 79535 | Depths:5 | Lost mutation: You possess an exceptional clarity of mind. [potion of cure mutation]
 79535 | Depths:5 | Lost mutation: You are partially covered in iridescent scales. (AC +2) [potion of cure mutation]
 80032 | Hell     | Killed Geryon
 80137 | Hell     | Killed Murray
 80173 | Hell     | Found a gateway to the Iron City of Dis.
 80245 | Hell     | Found a gateway to the freezing wastes of Cocytus.
 80305 | Hell     | Found a gateway to the decaying netherworld of Tartarus.
 80408 | Hell     | Found a gateway to the ashen valley of Gehenna.
 80465 | Dis:1    | Entered Level 1 of the Iron City of Dis
 80471 | Dis:1    | Received a gift from Okawaru
 80481 | Dis:1    | Identified the +4 mottled dragon scales "Guac" {-Tele Slay+6} (Okawaru gifted it to you on level 1 of the Iron City of Dis)
 82133 | Dis:2    | Reached skill level 15 in Air Magic
 83402 | Dis:3    | Received a gift from Okawaru
 84194 | Dis:4    | Upgraded the game from 0.19.1 to 0.19.1-1-g22dce08
 85056 | Dis:5    | Reached skill level 1 in Hexes
 85295 | Dis:5    | Reached skill level 5 in Hexes
 85706 | Dis:6    | Received a gift from Okawaru
 86278 | Dis:6    | Received a gift from Okawaru
 86294 | Dis:6    | Got a crude cloak {god gift}
 86305 | Dis:6    | Identified the +0 cloak of Inaction {-Cast Str+4 Stlth+} (Okawaru gifted it to you on level 6 of the Iron City of Dis)
 86570 | Dis:7    | Entered Level 7 of the Iron City of Dis
 87637 | Dis:7    | Received a gift from Okawaru
 87836 | Dis:7    | Reached skill level 25 in Shields
 88557 | Dis:7    | Got a transparent emerald amulet
 88564 | Dis:7    | Got an ichor-stained flail
 88565 | Dis:7    | Identified the +11 flail "Emunkol" {crush, Str+2 Int+5 Stlth+} (You found it on level 7 of the Iron City of Dis)
 88569 | Dis:7    | Identified the amulet of the Blind Eye {Spirit rC+} (You found it on level 7 of the Iron City of Dis)
 88712 | Dis:7    | Gained mutation: You are dopey. (Int -2) [a cacodemon]
 88713 | Dis:7    | Gained mutation: Your body sometimes deteriorates upon taking damage. [a cacodemon]
 88716 | Dis:7    | Noticed Dispater
 88723 | Dis:7    | Gained mutation: Your spells are a little easier to cast, but a little less powerful. [a cacodemon]
 88739 | Dis:7    | Gained mutation: You are frail. (-10% HP) [a cacodemon]
 88752 | Dis:7    | Gained mutation: You are very frail. (-20% HP) [a cacodemon]
 88779 | Dis:7    | Killed Dispater
 88868 | Dis:7    | Got an iron rune of Zot
 88988 | Dis:7    | Received a gift from Okawaru
 88991 | Dis:7    | Got a distressingly furry ring mail {god gift}
 88992 | Dis:7    | Identified the +0 ring mail of Inaction {rElec rF+} (Okawaru gifted it to you on level 7 of the Iron City of Dis)
 89549 | Pan      | Entered Pandemonium
 89627 | Pan      | Lost mutation: You are dopey. (Int -2) [potion of cure mutation]
 89627 | Pan      | Lost mutation: You are very frail. (-20% HP) [potion of cure mutation]
 89627 | Pan      | Lost mutation: You are frail. (-10% HP) [potion of cure mutation]
 89627 | Pan      | Lost mutation: Your spells are a little easier to cast, but a little less powerful. [potion of cure mutation]
 89627 | Pan      | Lost mutation: Your body sometimes deteriorates upon taking damage. [potion of cure mutation]
 89628 | Pan      | Gained mutation: Your flesh is heat resistant. (rF+) [potion of mutation]
 89628 | Pan      | Gained mutation: You are partially covered in icy blue scales. (AC +2) [potion of mutation]
 89628 | Pan      | Gained mutation: Your spells are a little harder to cast, but a little more powerful. [potion of mutation]
 90081 | Pan      | Found a white marble altar of Elyvilon.
 90620 | Pan      | Noticed a seraph
 90653 | Pan      | Killed a seraph
 90707 | Pan      | Found a glowing golden altar of the Shining One.
 90728 | Pan      | Got a scintillating golden ring
 90750 | Pan      | Got a fine plate armour
 90751 | Pan      | Identified the cursed +1 plate armour of a volcano {Dex+4 SInv} (You found it in Pandemonium)
 90759 | Pan      | Got a scorched crystal amulet
 90761 | Pan      | Identified the Reference Book on Fetching Venom
 90765 | Pan      | Identified the +4 large shield of the Hunter {*Drain rN+++ MR++} (You found it in Pandemonium)
 90768 | Pan      | Identified the amulet of Heawn {Inacc rElec rC- Stlth+} (You found it in Pandemonium)
 90773 | Pan      | Identified the ring "Riunlot" {Ice *Contam rElec SInv} (You found it in Pandemonium)
 90793 | Pan      | Got a demonic rune of Zot
 90845 | Pan      | Received a gift from Okawaru
 90858 | Pan      | Got a pair of steaming boots {god gift}
 90869 | Pan      | Identified the +2 pair of boots of Agoraphobia {+Fly Str+4 Int+4} (Okawaru gifted it to you in Pandemonium)
 91139 | Pan      | Reached skill level 10 in Evocations
 91479 | Pan      | Found a glowing silver altar of Zin.
 92019 | Pan      | Noticed Zesom the pandemonium lord
 92035 | Pan      | Killed Zesom the pandemonium lord
 92219 | Pan      | Found an exit through the horrors of the Abyss.
 92279 | Pan      | Received a gift from Okawaru
 92636 | Pan      | Identified the Disquisition on the Vitriolic Frostbite
 92772 | Pan      | Gained mutation: You are weak. (Str -2) [a cacodemon]
 92830 | Pan      | Found an exit through the horrors of the Abyss.
 92865 | Pan      | Gained mutation: You are dopey. (Int -2) [a neqoxec]
 93080 | Pan      | Noticed Qine the pandemonium lord
 93096 | Pan      | Killed Qine the pandemonium lord
 93105 | Pan      | Reached skill level 15 in Evocations
 93488 | Pan      | Received a gift from Okawaru
 93623 | Pan      | Got a twitching granite ring
 93635 | Pan      | Noticed Deototoq the pandemonium lord
 93657 | Pan      | Killed Deototoq the pandemonium lord
 93679 | Pan      | Found an exit through the horrors of the Abyss.
 94157 | Pan      | Gained mutation: You are partially covered in large bone plates. (SH +4) [a neqoxec]
 94411 | Pan      | Gained mutation: You have large cloven feet. [a cacodemon]
 94413 | Pan      | Noticed Bekosh the pandemonium lord
 94430 | Pan      | Killed Bekosh the pandemonium lord
 94476 | Pan      | Received a gift from Okawaru
 94968 | Pan      | Found an exit through the horrors of the Abyss.
 94992 | Pan      | Gained mutation: You occasionally shout uncontrollably at your foes. [a neqoxec]
 95243 | Pan      | Gained mutation: Your magical capacity is low. (-10% MP) [a cacodemon]
 95244 | Pan      | Noticed Petaok the pandemonium lord
 95269 | Pan      | Gained mutation: Your body sometimes deteriorates upon taking damage. [a cacodemon]
 95291 | Pan      | Gained mutation: Scrolls take you a little longer to read. [a cacodemon]
 95308 | Pan      | Killed Petaok the pandemonium lord
 95311 | Pan      | Gained mutation: You are very dopey. (Int -4) [a cacodemon]
 95313 | Pan      | Lost mutation: Scrolls take you a little longer to read. [potion of cure mutation]
 95313 | Pan      | Lost mutation: Your magical capacity is low. (-10% MP) [potion of cure mutation]
 95313 | Pan      | Lost mutation: Your body sometimes deteriorates upon taking damage. [potion of cure mutation]
 95313 | Pan      | Lost mutation: You are very dopey. (Int -4) [potion of cure mutation]
 95313 | Pan      | Lost mutation: Your spells are a little harder to cast, but a little more powerful. [potion of cure mutation]
 95364 | Pan      | Found an exit through the horrors of the Abyss.
 95407 | Pan      | Gained mutation: You are very dopey. (Int -4) [a cacodemon]
 95569 | Pan      | Gained mutation: You are very weak. (Str -4) [a neqoxec]
 95946 | Pan      | Received a gift from Okawaru
 96011 | Pan      | Gained mutation: You sometimes yell uncontrollably at your foes. [a cacodemon]
 96334 | Pan      | Found an exit through the horrors of the Abyss.
 96365 | Pan      | Found a huge runed gate.
 96365 | Pan      | Found a huge runed gate.
 96368 | Pan      | Found a huge runed gate.
 96368 | Pan      | Found a huge runed gate.
 96368 | Pan      | Found a huge runed gate.
 96368 | Pan      | Found a huge runed gate.
 96368 | Pan      | Found a huge runed gate.
 96369 | Pan      | Found a huge runed gate.
 96369 | Pan      | Found a huge runed gate.
 96369 | Pan      | Found a huge runed gate.
 96369 | Pan      | Found a huge runed gate.
 96369 | Pan      | Found a huge runed gate.
 96369 | Pan      | Found a huge runed gate.
 96370 | Pan      | Found a huge runed gate.
 96371 | Pan      | Found a huge runed gate.
 96372 | Pan      | Found a huge runed gate.
 96372 | Pan      | Found a huge runed gate.
 96470 | Pan      | Gained mutation: You are frail. (-10% HP) [a neqoxec]
 96503 | Pan      | Noticed Guzeib the pandemonium lord
 96508 | Pan      | Gained mutation: Scrolls take you a little longer to read. [a neqoxec]
 96509 | Pan      | Gained mutation: Scrolls take you longer to read. [a neqoxec]
 96530 | Pan      | Killed Guzeib the pandemonium lord
 96602 | Pan      | Killed from afar by a Brimstone Fiend

Skill      XL: |  1  2  3  4  5  6  7  8  9 10 11 12 13 14 15 16 17 18 19 20 21 22 23 24 25 26 27 |
---------------+----------------------------------------------------------------------------------+-----
Maces & Flails | 3 4 6 7 9 11 13 14 15 16 17 18 | 18.3
Fighting       | 5 8 10 11 12 14 15 16 17 18 19 20 24 | 24.6
Shields        | 6 8 9 13 16 17 18 19 20 21 22 25 | 25.9
Dodging        | 1 4 7 8 9 10 11 12 13 14 18 | 18.5
Evocations     | 3 5 7 18 | 18.9
Spellcasting   | 4 5 6 8 10 13 | 13.2
Charms         | 2 8 9 10 18 | 18.0
Necromancy     | 3 5 6 7 |  7.9
Armour         | 6 9 11 12 13 14 15 16 22 | 22.0
Invocations    | 4 7 9 10 | 10.6
Translocations | 10 14 | 14.4
Air Magic      | 16 | 16.5
Hexes          | 9 |  9.5

Action                   |  1- 3 |  4- 6 |  7- 9 | 10-12 | 13-15 | 16-18 | 19-21 | 22-24 | 25-27 || total
-------------------------+-------+-------+-------+-------+-------+-------+-------+-------+-------++-------
Melee: Flail             |   114 |   158 |   680 |   975 |       |       |       |       |       ||  1927
       Great mace        |       |       |       |   324 |   201 |       |       |       |       ||   525
       Morningstar       |       |       |       |       |  1286 |       |       |       |       ||  1286
       Eveningstar       |       |       |       |       |   252 |  2049 |  2538 |  2462 | 10683 || 17984
 Cast: Regeneration      |       |       |       |       |       |       |    43 |    18 |   403 ||   464
       Spectral Weapon   |       |       |       |       |       |       |       |     1 |       ||     1
       Repel Missiles    |       |       |       |       |       |       |       |     1 |    46 ||    47
       Shroud of Golubri |       |       |       |       |       |       |       |       |   179 ||   179
       Song of Slaying   |       |       |       |       |       |       |       |       |     3 ||     3
       Infusion          |       |       |       |       |       |       |       |       |     3 ||     3
       Deflect Missiles  |       |       |       |       |       |       |       |       |    13 ||    13
       Blink             |       |       |       |       |       |       |       |       |     9 ||     9
       Silence           |       |       |       |       |       |       |       |       |     1 ||     1
Invok: Heroism           |       |       |     1 |    16 |    20 |    20 |    26 |    28 |    58 ||   169
       Finesse           |       |       |       |       |     1 |     1 |       |     5 |    14 ||    21
 Abil: Evoke Berserk Rag |       |       |       |     1 |       |       |       |     1 |       ||     2
       Fly               |       |       |       |       |     1 |       |       |       |       ||     1
       Stop Flying       |       |       |       |       |     1 |       |       |       |       ||     1
       Evoke Invisibilit |       |       |       |       |       |     2 |       |     2 |       ||     4
       Evoke Blink       |       |       |       |       |       |       |       |       |     1 ||     1
Evoke: Wand              |       |       |       |     2 |       |       |     2 |     7 |    33 ||    44
       Disc of storms    |       |       |       |       |       |       |       |     1 |       ||     1
  Use: Potion            |       |       |     1 |     8 |     3 |       |     5 |     2 |    27 ||    46
       Scroll            |       |       |       |    29 |    10 |     6 |     7 |    27 |    53 ||   132
 Stab: Sleeping          |       |       |       |     1 |       |       |       |    10 |     4 ||    15
       Confused          |       |       |       |       |     4 |       |       |       |       ||     4
       Petrified         |       |       |       |       |     3 |       |       |       |     3 ||     6
       Invisible         |       |       |       |       |       |     4 |       |       |     1 ||     5
       Distracted        |       |       |       |       |       |       |       |     2 |     3 ||     5
       Petrifying        |       |       |       |       |       |       |       |       |     3 ||     3
       Paralysed         |       |       |       |       |       |       |       |       |     1 ||     1
  Eat: Chunk             |       |     3 |    16 |    24 |    14 |    20 |    20 |     6 |    36 ||   139
       Pizza             |       |     1 |       |       |     7 |     5 |     1 |     1 |     3 ||    18
       Fruit             |       |       |       |     2 |     2 |       |    12 |    17 |    15 ||    48
       Bread ration      |       |       |       |     1 |       |       |       |       |     8 ||     9
       Beef jerky        |       |       |       |     1 |     7 |       |       |       |    31 ||    39
       Meat ration       |       |       |       |       |       |     1 |       |       |    10 ||    11
       Royal jelly       |       |       |       |       |       |       |     6 |     6 |     3 ||    15
Armor: Scale mail        |    81 |    82 |   361 |   116 |       |       |       |       |       ||   640
       Steam dragon scal |       |       |       |   347 |       |       |       |       |       ||   347
       Skin              |       |       |       |     4 |       |       |       |       |       ||     4
       Ring mail         |       |       |       |    27 |   488 |   653 |   367 |   611 |   217 ||  2363
       Plate armour      |       |       |       |       |       |       |       |       |  3066 ||  3066
       Mottled dragon sc |       |       |       |       |       |       |       |       |    74 ||    74
Dodge: Dodged            |    57 |    38 |   182 |   575 |   762 |  1035 |   677 |   965 |  4921 ||  9212
       Deflected         |       |       |       |       |       |       |       |     1 |   216 ||   217
Block: Shield            |    82 |    93 |   275 |   114 |   560 |       |       |       |       ||  1124
       Buckler           |       |       |       |   136 |       |       |       |       |       ||   136
       Large shield      |       |       |       |       |   923 |  3032 |  2971 |  3110 | 15333 || 25369
